Map: Ever Dream LE

Players

Neeb - Winner!

  • Race: Protoss Protoss
  • Spawn Location: 1:00

Astrea

  • Race: Protoss Protoss
  • Spawn Location: 7:00

Event: DreamHack SC2 Masters 2020 Summer North America

VOD

Have the link to the VOD?

Description

Time

  • Played on: July 12, 2020, 6 p.m.
  • Length: 14:24

All games in this series

Show
View Real Time Build Order
Export as new Build Order

Neeb Protoss - Winner!

Build Orders: Archon Immortal 

Get SALT Encoding   

  12  0:00  Probe  
  13  0:12  Probe  
  14  0:17  Pylon  
  14  0:24  Probe  
  15  0:32  Probe  
  15  0:36  Gateway  
  15  0:40  Probe  
  16  0:46  Assimilator  
  17  0:51  Probe  
  17  0:53  Assimilator  
  18  0:59  Probe  
  19  1:06  Gateway  
  19  1:07  Probe  
  19  1:17  Probe  
  20  1:25  Cybernetics Core  
  21  1:29  Probe  
  22  1:35  Pylon  
  22  1:41  Probe  
  23  1:53  Probe  
  24  2:01  Adept x2, Warp Gate  
  28  2:14  Pylon  
  28  2:29  Probe  
  29  2:31  Adept  
  29  2:32  Adept  
  33  2:46  Nexus  
  32  3:05  Stalker x2  
  37  3:10  Robotics Facility  
  34  3:13  Probe  
  35  3:20  Shield Battery  
  35  3:25  Probe  
  36  3:37  Probe  
  37  3:48  Immortal  
  37  3:49  Probe  
  37  3:55  Pylon  
  38  3:59  Stalker  
  42  4:06  Stalker  
  38  4:25  Stalker  
  38  4:26  Stalker  
  38  4:29  Immortal  
  42  4:53  Stalker  
  42  4:54  Stalker  
  44  5:05  Warp Prism  
  42  5:13  Probe x2  
  39  5:25  Probe  
  39  5:26  Sentry x2  
  44  5:30  Probe  
  45  5:37  Probe  
  45  5:40  Immortal, Pylon  
  50  5:50  Stalker  
  50  5:55  Stalker  
  54  5:58  Probe  
  54  5:59  Probe  
  55  6:15  Observer, Probe  
  55  6:16  Probe  
  53  6:19  Adept  
  53  6:24  Adept  
  57  6:27  Probe  
  57  6:28  Probe  
  58  6:39  Probe  
  59  6:40  Probe  
  59  6:41  Warp Prism  
  58  6:47  Forge  
  58  6:48  Sentry x2  
  58  6:51  Twilight Council, Probe  
  65  6:54  Probe  
  65  6:58  Pylon  
  65  7:00  Protoss Ground Weapons Level 1  
  66  7:06  Assimilator  
  66  7:09  Assimilator, Probe  
  66  7:10  Probe  
  66  7:13  Pylon  
  68  7:21  Probe  
  69  7:24  Probe  
  70  7:31  Charge  
  70  7:33  Probe  
  71  7:39  Gateway  
  71  7:40  Gateway  
  71  7:43  Gateway  
  71  7:50  Zealot x2  
  73  7:58  Immortal  
  71  8:06  Probe x2  
  71  8:12  Gateway  
  73  8:14  Gateway  
  73  8:19  Templar Archives  
  74  8:23  Gateway  
  73  8:36  Zealot  
  73  8:37  Zealot x3  
  81  8:45  Pylon  
  81  8:46  Pylon  
  81  8:50  Protoss Ground Weapons Level 2  
  81  8:55  Zealot  
  83  9:01  Nexus  
  83  9:04  Pylon  
  83  9:09  Phoenix  
  83  9:22  Warp Prism  
  75  9:25  High Templar x3  
  75  9:27  High Templar  
  75  9:29  Archon  
  83  9:32  Archon  
  83  9:37  High Templar x2  
  83  9:38  Zealot x2  
  91  9:43  Archon  
  91  10:03  Zealot x6  
  91  10:25  Blink, High Templar x2  
  91  10:26  Zealot x3  
  95  10:31  Immortal  
  95  10:33  High Templar x4  
  95  10:34  Zealot x3  
  95  10:38  Archon  
  95  10:40  Archon  
  83  10:44  Probe x2  
  83  10:45  Probe  
  80  10:51  Shield Battery  
  80  10:56  Probe  
  80  10:57  Zealot, Probe x2  
  83  10:58  Zealot  
  87  11:08  Probe  
  87  11:09  Probe x2  
  90  11:20  Stalker x4  
  92  11:29  Zealot x3  
  98  11:33  Stalker  
  100  11:43  Pylon  
  100  11:49  Observer  
  100  11:51  Warp Prism  
  102  11:59  Stalker x3  
  97  12:18  Stalker x4  
  97  12:20  Stalker  
  107  12:22  Observer  
  107  12:24  Stalker, Zealot  
  107  12:27  Pylon  
  100  12:45  Stalker x4  
  100  12:46  Zealot x3  
  112  13:07  Stalker x4  
  112  13:10  Warp Prism  
  106  13:34  Stalker  
  106  13:35  Stalker x6  
  114  13:44  Stalker  
  98  13:58  Stalker x4  
  102  14:03  Assimilator x2  
  102  14:07  Pylon  
Show
View Real Time Build Order
Export as new Build Order

Astrea Protoss 

Build Orders:  

Get SALT Encoding   

  12  0:00  Probe  
  13  0:12  Probe  
  14  0:16  Pylon  
  14  0:23  Probe  
  15  0:31  Probe  
  16  0:36  Gateway  
  16  0:39  Probe  
  16  0:45  Assimilator  
  17  0:51  Probe  
  17  0:53  Assimilator  
  18  0:59  Probe  
  19  1:06  Gateway  
  19  1:07  Probe  
  19  1:17  Probe  
  20  1:23  Cybernetics Core  
  21  1:29  Probe  
  22  1:32  Pylon  
  22  1:41  Probe  
  23  1:47  Warp Gate  
  23  1:50  Gateway  
  23  1:53  Probe  
  24  2:00  Stalker  
  26  2:07  Stalker  
  28  2:16  Pylon  
  28  2:30  Stalker  
  30  2:37  Stalker  
  30  2:39  Stalker  
  32  3:15  Nexus  
  32  3:21  Probe  
  34  3:36  Stalker x2  
  34  3:40  Stalker  
  34  3:41  Probe  
  37  3:53  Probe  
  35  4:03  Sentry, Stalker  
  39  4:10  Pylon  
  39  4:20  Probe  
  38  4:27  Sentry x2  
  38  4:31  Probe  
  41  4:32  Probe  
  41  4:34  Sentry  
  44  4:43  Probe  
  44  4:44  Probe  
  44  4:55  Probe  
  44  4:56  Probe  
  46  5:06  Stalker  
  46  5:07  Stalker, Probe  
  44  5:08  Probe, Zealot  
  44  5:19  Probe  
  44  5:21  Probe  
  36  5:29  Stalker  
  36  5:30  Stalker  
  36  5:32  Zealot  
  36  5:34  Probe  
  36  5:35  Probe  
  44  5:46  Probe  
  44  5:47  Probe  
  44  5:48  Adept x2  
  50  5:53  Pylon  
  50  5:58  Pylon  
  50  6:09  Probe x2  
  48  6:18  Sentry, Stalker  
  50  6:20  Shield Battery  
  50  6:21  Probe  
  50  6:23  Pylon  
  51  6:31  Probe  
  50  6:33  Gateway  
  50  6:35  Probe  
  49  6:43  Stalker x2  
  49  6:46  Shield Battery, Probe  
  54  6:47  Probe  
  55  6:56  Stargate  
  55  6:58  Probe  
  55  6:59  Probe  
  57  7:06  Shield Battery  
  57  7:10  Assimilator x2  
  57  7:11  Probe x2  
  57  7:12  Adept x2  
  63  7:23  Probe x2  
  63  7:25  Pylon  
  65  7:32  Robotics Facility  
  65  7:37  Twilight Council  
  64  7:44  Adept x2  
  64  7:47  Probe  
  64  7:48  Probe  
  67  7:53  Zealot  
  64  7:59  Probe  
  64  8:00  Probe  
  64  8:01  Blink  
  62  8:05  Zealot  
  62  8:06  Stalker  
  62  8:11  Probe  
  62  8:12  Probe  
  64  8:17  Observer  
  62  8:23  Probe  
  62  8:24  Probe  
  62  8:25  Robotics Bay  
  65  8:32  Forge  
  65  8:34  Stalker x2  
  65  8:35  Warp Prism, Stalker  
  71  8:44  Protoss Ground Weapons Level 1  
  73  8:59  Nexus  
  73  9:02  Stalker  
  73  9:03  Stalker x2, Disruptor  
  79  9:15  Probe x2  
  84  9:27  Probe x2  
  84  9:31  Pylon  
  85  9:39  Probe  
  85  9:43  Pylon  
  85  9:45  Shield Battery  
  86  9:48  Disruptor  
  86  9:50  Stalker x2  
  93  9:53  Probe  
  94  10:01  Probe  
  94  10:05  Probe  
  92  10:13  Probe  
  91  10:15  Probe  
  91  10:17  Stalker x3  
  92  10:33  Disruptor  
  87  10:40  Stalker x3  
  86  10:43  Probe x2  
  86  10:44  Protoss Ground Weapons Level 2  
  86  10:52  Probe  
  86  10:55  Probe x2  
  89  10:57  Charge  
  89  11:01  Gateway  
  89  11:02  Gateway  
  89  11:05  Photon Cannon  
  89  11:07  Assimilator  
  89  11:09  Observer  
  89  11:10  Stalker x2  
  94  11:12  Stalker, Assimilator  
  94  11:17  Probe x2  
  94  11:18  Probe  
  91  11:29  Probe  
  91  11:30  Probe x2  
  97  11:39  Stalker x2  
  99  11:42  Stalker, Probe x2  
  99  11:44  Extended Thermal Lance  
  104  11:48  Disruptor  
  100  11:58  Robotics Facility  
  95  12:15  Disruptor  
  95  12:22  Stalker x5  
  103  12:36  Disruptor  
  80  12:45  Stalker x5  
  80  12:50  Shield Battery  
  93  12:53  Shield Battery  
  93  12:54  Disruptor  
  93  12:56  Pylon  
  92  13:09  Stalker x5  
  88  13:27  Disruptor  
  88  13:32  Stalker x2  
  88  13:33  Stalker x3  
  87  13:42  Probe  
  62  13:54  Stalker x2  
  62  13:55  Probe  
  63  13:56  Stalker x3  
  63  13:57  Probe  
  63  13:59  Probe  
  63  14:02  Observer  
  71  14:07  Probe  
  71  14:09  Probe  
  74  14:11  Probe  
Tags
 
Add a new tag
Caveats
  • Supply blocks, unpowered buildings, or Contaminate may cause inaccurate times.
  • Supply counts are checked every 10 seconds.